 Dungeon Crawl Stone Soup version 0.20-a0-949-g916514f (webtiles) character file.

5548 Isola the Carver (level 10, -10/61 HPs)
             Began as a Tengu Gladiator on Apr 4, 2017.
             Was an Elder of Okawaru.
             Mangled by a two-headed ogre
             ... wielding a cursed -2 giant club
              (22 damage)
             ... on level 8 of the Dungeon.
             The game lasted 00:21:50 (12458 turns).

Isola the Carver (Tengu Gladiator)                 Turns: 12458, Time: 00:21:50

Health: -10/61     AC:  7    Str: 14    XL:     10   Next: 71%
Magic:  14/15      EV: 20    Int: 13    God:    Okawaru [****..]
Gold:   569        SH:  0    Dex: 19    Spells: 9/9 levels left

rFire    . . .     SeeInvis .   y - +1 scimitar
rCold    . . .     Gourm    .   (no shield)
rNeg     . . .     Faith    .   C - +2 leather armour {rPois}
rPois    +         Spirit   .   c - +1 hat
rElec    .         Reflect  .   D - +0 cloak
rCorr    .         Harm     .   (no gloves)
MR       .....                  (boots unavailable)
Stlth    ++........             (no amulet)
Regen    0.2/turn               J - ring of stealth
MPRegen  0.2/turn               e - +4 ring of dexterity

@: flying quickly and evasively, quick
A: beak, talons 3, able to fly 1
a: Heroism, Renounce Religion


You were on level 8 of the Dungeon.
You worshipped Okawaru.
Okawaru was greatly pleased with you.
You were near starving.

You visited 1 branch of the dungeon, and saw 9 of its levels.
You also visited: Sewer and Ossuary.

You collected 685 gold pieces.
You spent 116 gold pieces at shops.

Inventory:

Hand Weapons
 a - a +0 long sword
 y - a +1 scimitar (weapon)
Missiles
 d - a throwing net (quivered)
 u - 4 poisoned javelins
 I - 7 steel javelins
Armour
 c - a +1 hat (worn)
 C - a +2 leather armour of poison resistance (worn)
 D - a +0 cloak (worn)
Jewellery
 e - a +4 ring of dexterity (right hand)
 l - an uncursed ring of wizardry
 J - a ring of stealth (left hand)
 P - an uncursed amulet of guardian spirit
Wands
 b - a wand of lightning (3/15)
 M - a wand of lightning (8/15)
 O - a wand of lightning (9/15)
Scrolls
 h - 2 scrolls of recharging
 i - 3 scrolls of immolation
 j - 4 scrolls of teleportation
 n - 4 scrolls of fog
 o - 2 scrolls of blinking
 p - 2 scrolls of fear
 w - 5 scrolls of magic mapping
 x - a scroll of enchant weapon
 N - a scroll of remove curse
Potions
 k - 2 potions of heal wounds
 m - a potion of haste
 q - 5 potions of flight
 r - 2 potions of lignification
 s - 7 potions of curing
 t - a potion of magic
 v - a potion of ambrosia
 z - a potion of agility {unknown}
 B - 3 potions of might
 F - a potion of brilliance {unknown}
 G - a potion of berserk rage {unknown}
Books
 H - a book of Maledictions

   Spells                             Type                      Level
   a - Corona                         Hexes                        1
   b - Ensorcelled Hibernation        Hexes/Ice                    2
   c - Confuse                        Hexes                        3
   d - Tukima's Dance                 Hexes                        3
   e - Dazzling Spray                 Conjuration/Hexes            3
 L - a Young Poisoner's Handbook

   Spells                             Type                      Level
   a - Sting                          Conjuration/Poison           1
   b - Poisonous Vapours              Poison/Air                   2
   c - Mephitic Cloud                 Conjuration/Poison/Air       3
   d - Olgreb's Toxic Radiance        Poison                       4
   e - Venom Bolt                     Conjuration/Poison           5
Comestibles
 f - 7 bread rations
 g - 9 meat rations
 A - 4 royal jellies
 E - 4 fruits


   Skills:
 - Level 6.4 Fighting
 * Level 12.2 Long Blades
 - Level 2.0 Throwing
 + Level 4.1 Armour
 - Level 6.6 Dodging
 + Level 5.7 Invocations


You had 9 spell levels left.
You didn't know any spells.

Dungeon Overview and Level Annotations

Branches:
Dungeon (9/15)             Temple (0/1) D:7
   Lair: D:8-11         Orc: D:9-12

Altars:
Cheibriados
Hepliaklqana
Kikubaaqudgha
Makhleb
Okawaru
Uskayaw
Wu Jian
Xom
The Shining One

Shops:
D:5 (   D:8 %


Innate Abilities, Weirdness & Mutations

You have a beak for a mouth.
You have claws for feet.
You can fly.


Message History

You claw the two-headed ogre, but do no damage.
The two-headed ogre is heavily wounded.
You strike the helpless two-headed ogre from behind!
You hit the two-headed ogre but do no damage.
You claw the two-headed ogre.
The two-headed ogre is severely wounded.
The two-headed ogre struggles against the net.
You barely miss the two-headed ogre.
You claw the two-headed ogre, but do no damage.
The two-headed ogre is severely wounded.
The two-headed ogre struggles against the net.
You slash the two-headed ogre!
The two-headed ogre is almost dead.
The two-headed ogre struggles against the net.
The net rips apart, and the two-headed ogre comes free!
You completely miss the two-headed ogre.
Your peck misses the two-headed ogre.
The two-headed ogre is almost dead.
The two-headed ogre hits you with a giant club!!
You die...

O.......# #######..## ##..#
........## ###...).##..# ##..##
.....)...###.........(.####..##
.....#...##............##...##
....##...#.............#....#
....##.....................## #
>...#.............<.....#...#####
................O................
...#...##.......@..............##
......###................#....##
....### #................#...##
....# #....................##
...## ##....................##
...# #................###..##
...# ##..............## ##..#
...# ##############....## ##..
...# ##....## #....# ##...


You could see a two-headed ogre.

Vanquished Creatures
  A two-headed ogre (D:6)
  An ugly thing (D:9)
  2 hippogriffs
  Eustachio (D:5)
  The ghost of Isola the Slasher, an amateur TeGl (D:3)
  Duvessa (D:6)
  2 ice beasts
  An orc warrior (D:7)
  A black bear (D:7)
  6 ogres
  A phantom (D:5)
  A centaur (D:9)
  A crocodile (D:9)
  7 bullfrogs
  Dowan (D:6)
  4 scorpions
  4 wights (D:9)
  2 howler monkeys (D:8)
  3 crimson imps
  A centaur zombie (D:7)
  A bullfrog zombie (D:8)
  4 orc priests
  6 hounds
  10 orc wizards
  A centaur skeleton (D:8)
  2 bullfrog skeletons
  5 iguanas
  8 worker ants
  A killer bee zombie (D:8)
  A hound zombie (D:5)
  2 hound skeletons
  9 mummies
  A worker ant zombie (D:6)
  3 gnolls (D:7)
  15 adders
  4 river rats (Sewer)
  2 shadow imps
  An ooze (D:1)
  2 adder skeletons
  An adder zombie (D:7)
  4 worms
  3 dart slugs
  10 leopard geckos
  32 orcs
  7 bats
  6 giant cockroaches
  3 gnoll zombies (Ossuary)
  9 goblins
  6 hobgoblins
  14 jackals
  5 quokkas
  11 ball pythons (Sewer)
  6 frilled lizards
  3 hobgoblin zombies
  4 kobolds
  2 kobold zombies
  2 leopard gecko zombies
  2 orc zombies (Ossuary)
  30 rats
280 creatures vanquished.

Vanquished Creatures (others)
  5 fungi (D:9)
  2 plants (D:9)
7 creatures vanquished.

Grand Total: 287 creatures vanquished

Notes
Turn   | Place    | Note
-------+----------+-------------------------------------------
     0 | D:1      | Isola the Tengu Gladiator began the quest for the Orb.
     0 | D:1      | Reached XP level 1. HP: 12/12 MP: 2/2
   233 | D:1      | Reached XP level 2. HP: 18/18 MP: 3/3
   662 | D:1      | Reached XP level 3. HP: 17/22 MP: 4/4
   986 | D:2      | Reached skill level 4 in Long Blades
  1368 | D:2      | Reached XP level 4. HP: 16/27 MP: 5/5
  1524 | D:2      | Found a snail-covered altar of Cheibriados.
  1718 | D:2      | Found a burning altar of Makhleb.
  2285 | D:3      | Gained mutation: You can fly. [Tengu growth]
  2285 | D:3      | Reached XP level 5. HP: 29/32 MP: 6/6
  2436 | D:3      | Reached skill level 5 in Long Blades
  2493 | D:3      | Noticed Isola's ghost (amateur TeGl)
  3403 | D:3      | Killed Isola's ghost
  3403 | D:3      | Reached XP level 6. HP: 31/38 MP: 7/7
  3455 | D:3      | Found a glowing golden altar of the Shining One.
  4052 | D:3      | Reached skill level 6 in Long Blades
  4118 | D:3      | Reached skill level 5 in Dodging
  4496 | D:4      | Reached XP level 7. HP: 24/43 MP: 8/8
  5035 | D:4      | Found a hazy altar of Hepliaklqana.
  5036 | D:4      | Found a shimmering altar of Xom.
  5036 | D:4      | Noticed a caustic shrike
  5037 | D:4      | Noticed a caustic shrike
  5037 | D:4      | Noticed a spectral ugly thing
  5251 | D:5      | Entered Level 5 of the Dungeon
  5257 | D:5      | Found an iron altar of Okawaru.
  5257 | D:5      | Found an ornate altar of the Wu Jian Council.
  5266 | D:5      | Became a worshipper of Warmaster Okawaru
  5319 | D:5      | Found a glowing drain.
  5354 | Sewer    | Entered a sewer
  5782 | Sewer    | Reached skill level 7 in Long Blades
  6058 | D:5      | Reached * piety under Okawaru
  6058 | D:5      | Reached XP level 8. HP: 48/48 MP: 6/9
  6215 | D:5      | Reached skill level 5 in Fighting
  6302 | D:5      | Reached skill level 1 in Invocations
  6609 | D:5      | Reached skill level 8 in Long Blades
  6983 | D:5      | Found Fugupaat's Antique Weapon Emporium.
  6988 | D:5      | Bought a scimitar for 116 gold pieces
  7120 | D:5      | Noticed Eustachio
  7309 | D:5      | Killed Eustachio
  7615 | D:5      | Reached skill level 9 in Long Blades
  7701 | D:6      | Reached ** piety under Okawaru
  7742 | D:6      | Noticed a two-headed ogre
  7756 | D:6      | Killed a two-headed ogre
  7756 | D:6      | Reached XP level 9. HP: 40/55 MP: 9/12
  7774 | D:6      | Found a hide-covered altar of Uskayaw.
  7836 | D:6      | Reached skill level 10 in Long Blades
  8032 | D:6      | Noticed Duvessa
  8033 | D:6      | Noticed Dowan
  8046 | D:6      | Killed Duvessa
  8070 | D:6      | Killed Dowan
  8097 | D:6      | Reached *** piety under Okawaru
  9056 | D:7      | Found a sand-covered staircase.
  9063 | Ossuary  | Entered an ossuary
  9423 | D:7      | Found a staircase to the Ecumenical Temple.
  9468 | D:7      | Reached skill level 11 in Long Blades
  9512 | D:7      | Reached skill level 1 in Armour
  9512 | D:7      | Reached XP level 10. HP: 56/61 MP: 10/14
  9583 | D:7      | Received a gift from Okawaru
  9772 | D:7      | Found an ancient bone altar of Kikubaaqudgha.
  9926 | D:7      | Reached skill level 5 in Invocations
 10173 | D:8      | Found Wuwyhal's Food Boutique.
 10351 | D:8      | Reached **** piety under Okawaru
 11006 | D:9      | Noticed a purple ugly thing
 11026 | D:9      | Killed a purple ugly thing
 11501 | D:9      | Reached skill level 12 in Long Blades
 11827 | D:9      | Noticed a deep elf knight
 11837 | D:9      | HP: 2/61 [porcupine (14)]
 12227 | D:8      | Noticed a two-headed ogre
 12458 | D:8      | Mangled by a two-headed ogre

Vault maps used:
D:1:      mainiacjoe_arrival_reflecting_pool
D:2:      cheibriados_altar_1, makhleb_heckhound_becter
D:3:      lemuel_doored_altar
D:4:      regret_index_temple_of_mockery, first_bread
D:5:      grunt_temple_overflow_open, serial_shops, nicolae_shop_trees,
          portal_sewer_entry_d, uniq_eustachio
D:6:      lemuel_coloured_pillars_altar, uniq_duvessa
D:7:      lemuel_round_altar, minmay_temple_entry_statues,
          nicolae_ossuary_entry_giza, nicolae_benzene_ring, grunt_ogre_cave
D:8:      serial_shops, nicolae_shop_trees
D:9:      kennysheep_mini_moat, grunt_lair_entry_orc_guard_hut,
          kennysheep_just_a_vault
Sewer:    sewer_minmay_w
Ossuary:  ossuary_tomb_3

Skill      XL: |  1  2  3  4  5  6  7  8  9 10 |
---------------+-------------------------------+-----
Long Blades    | 4 5 6 7 9 11 12 | 12.2
Fighting       | 3 4 5 6 |  6.4
Dodging        | 4 5 6 |  6.6
Invocations    | 3 4 5 |  5.7
Armour         | 1 4 |  4.1
Throwing       | |  2.0

Action                   |  1- 3 |  4- 6 |  7- 9 | 10-12 || total
-------------------------+-------+-------+-------+-------++-------
Melee: Long sword        |    76 |   152 |   163 |       ||   391
       Kick              |    12 |    60 |   169 |    88 ||   329
       Peck              |    12 |    38 |   100 |    59 ||   209
       Scimitar          |       |       |   225 |   204 ||   429
       Punch             |       |       |       |     2 ||     2
Throw: Throwing net      |       |       |     4 |     2 ||     6
Invok: Heroism           |       |       |       |     2 ||     2
 Abil: Fly               |       |     9 |    30 |    14 ||    53
Evoke: Wand              |       |       |     2 |       ||     2
  Use: Scroll            |       |     4 |    11 |     9 ||    24
       Potion            |       |     2 |     2 |     2 ||     6
 Stab: Sleeping          |     1 |     2 |     1 |     1 ||     5
       Held in net/web   |       |       |     2 |     1 ||     3
       Distracted        |       |       |       |     1 ||     1
  Eat: Chunk             |     1 |    12 |    14 |    10 ||    37
       Fruit             |       |       |     2 |       ||     2
       Bread ration      |       |       |     1 |       ||     1
Armor: Leather armour    |    13 |    32 |    52 |    24 ||   121
Dodge: Dodged            |    42 |   128 |   360 |   162 ||   692
       Rpst.: Long sword |    12 |    46 |    56 |       ||   114
       Scimitar          |       |       |    39 |    46 ||    85
